 Seeded DCSS version 0.30-a0-137-gd8773701ce (webtiles) character file.

Game seed: 13425274819909471 (custom seed)

65 SigmundSlayer the Digger (level 3, 0/24 HPs)
             Began as a Demonspawn Earth Elementalist on Sept 21, 2022.
             Killed by nerve-wracking pain
             ... invoked by Grinder
              (12 damage)
             ... on level 3 of the Dungeon.
             The game lasted 00:01:46 (2589 turns).

SigmundSlayer the Digger (DsEE)                     Turns: 2589, Time: 00:01:46

Health: 0/24       AC:  2    Str:  8    XL:     3   Next: 92%
Magic:  2/6        EV: 12    Int: 18    God:
Gold:   127        SH:  0    Dex: 13    Spells: 5/6 levels left

rFire   . . .      SeeInvis .    (no weapon)
rCold   + . .      Faith    .    (no shield)
rNeg    . . .      Spirit   .    a - +0 robe
rPois   .          Reflect  .    (no helmet)
rElec   .          Harm     .    (no cloak)
rCorr   .          Rampage  .    (no gloves)
Will    .....                    (no boots)
Stlth   ++........               (no amulet)
HPRegen 0.08/turn                g - ring of protection from cold
MPRegen 0.10/turn                (no ring)

@: brilliant
A: demonic guardian 1
a: no special abilities


You were on level 3 of the Dungeon.
You visited 1 branch of the dungeon, and saw 3 of its levels.

You collected 127 gold pieces.

Inventory:

Armour
 a - a +0 robe (worn)
 c - a +0 tower shield
Jewellery
 g - a ring of protection from cold (left hand)
Scrolls
 i - a scroll of teleportation {unknown}
 l - a scroll of enchant weapon {unknown}
 n - a scroll of enchant armour {unknown}
Potions
 b - a potion of magic
 d - a potion of resistance {unknown}
 e - a potion of attraction {unknown}
 h - 3 potions of curing {unknown}
 j - a potion of lignification {unknown}
 k - a potion of heal wounds {unknown}
 m - a potion of ambrosia {unknown}


   Skills:
 - Level 1.7 Dodging
 - Level 1.7 Stealth
 - Level 2.0 Spellcasting
 - Level 0.8 Transmutations
 + Level 4.4 Earth Magic


You had 5 spell levels left.
You knew the following spells:

 Your Spells              Type           Power      Damage    Failure   Level
a - Sandblast             Erth           52%        2d12      3%          1

Your spell library contained the following spells:

 Spells                   Type           Power      Damage    Failure   Level
 Passwall                 Tmut/Erth      14%        N/A       10%         2
 Slow                     Hex            8%         N/A       19%         1
 Stone Arrow              Conj/Erth      28%        3d8       22%         3
 Blink                    Tloc           4%         N/A       26%         2
 Confusing Touch          Hex            2%         N/A       47%         3
 Vampiric Draining        Necr           2%         2d6       47%         3
 Petrify                  Tmut/Erth      17%        N/A       52%         4
 Animate Armour           Summ/Erth      28%        N/A       58%         4
 Manifold Assault         Tloc           2%         N/A       87%         4
 Storm Form               Tmut/Air       2%         N/A       100%        7
 Lehudib's Crystal Spear  Conj/Erth      7%         10d3      100%        8


Dungeon Overview and Level Annotations

Branches:
Dungeon (3/15)

Altars:

Annotations:
D:3 Grinder


Innate Abilities, Weirdness & Mutations

A weak demonic guardian rushes to your aid.


Message History

A ball python comes into view.
The ball python hisses angrily.
The blast of sand hits the ball python!
You kill the ball python!
Magic restored.
An endoplasm comes into view.
The blast of sand hits the endoplasm!
You kill the endoplasm!
Grinder comes into view.
The blast of sand hits Grinder!
Grinder is moderately wounded.
Grinder shouts!
You hear a shout!
The blast of sand hits Grinder!
Grinder is heavily wounded.
Grinder gestures at you. Pain shoots through your body!
Ouch! That really hurt!
You are too injured to fight recklessly!
It was a potion of brilliance.
You feel clever all of a sudden. Grinder gestures at you.
You resist with significant effort.
A kobold comes into view. It is wielding a +0 club.
You are too injured to fight recklessly!
Aiming: Sandblast (safe; 3% risk of failure)
Press: ? - help, Q - select action Shift-Dir - straight line, f/p - Grinder
Aim: Grinder (heavily wounded, 81% to hit)
You feel a surge of power!
The blast of sand hits Grinder.
Grinder is heavily wounded.
Grinder says, "There's only one good use for a tongue: cutting it out."
Grinder closely misses you.
Aiming: Sandblast (safe; 3% risk of failure)
Press: ? - help, Q - select action Shift-Dir - straight line, f/p - Grinder
Aim: Grinder (heavily wounded, 81% to hit)
You feel a surge of power!
The blast of sand hits Grinder!
Grinder is almost dead.
Grinder gestures at you. Pain shoots through your body!
Ouch! That really hurt!
You die...

#.###.##....#.#
#.....##....#.# #.
#.....##....#.#
..#.....##....#.#
..#.....##....#.#
................#
.....##.#######.#
####.##.# #.#
##.##.#######@#
####.............5K.....
......##.##########.###.
####.###.# # ####.# #.#
.....# #.. .##### #.# .#
#.# .# #.#


You could see Grinder and a kobold.

Vanquished Creatures
  An adder (D:2)
  A worm (D:2)
  A dart slug (D:1)
  3 endoplasms
  2 giant cockroaches
  3 goblins (D:1)
  A hobgoblin (D:1)
  10 jackals (D:2)
  2 kobolds
  2 quokkas (D:1)
  7 ball pythons
  5 bats
  3 frilled lizards (D:1)
  3 rats
44 creatures vanquished.

Vanquished Creatures (collateral kills)
  A ball python (D:1)
  A frilled lizard (D:1)
2 creatures vanquished.

Grand Total: 46 creatures vanquished

Notes
Turn   | Place    | Note
-------+----------+-------------------------------------------
     0 | D:1      | SigmundSlayer the Demonspawn Earth Elementalist began the
                  | quest for the Orb.
     0 | D:1      | Reached XP level 1. HP: 13/13 MP: 3/3
    97 | D:1      | Reached skill level 3 in Earth Magic
   233 | D:1      | Gained mutation: A weak demonic guardian rushes to your
                  | aid. [demonic ancestry]
   233 | D:1      | Reached XP level 2. HP: 19/19 MP: 3/5
   943 | D:1      | Reached XP level 3. HP: 11/24 MP: 1/6
  1359 | D:2      | Found a faded altar of an unknown god.
  1746 | D:2      | Reached skill level 4 in Earth Magic
  2584 | D:3      | Noticed Grinder
  2589 | D:3      | Killed from afar by Grinder

Illustrated notes

Levels and vault maps discovered:
D:1:      nzn_arrival_settlement, layout_basic, minmay_domino_4
D:2:      layout_loops_corners, hellmonk_ecumenical_altar_inner_sanctum,
          kennysheep_big_empty_room
D:3:      layout_basic, lemuel_crystal_altar, roderic_batcave, uniq_robin,
          uniq_grinder, uniq_sigmund

Skill      XL: |  1  2  3 |
---------------+----------+-----
Earth Magic    | 3 4 |  4.4
Dodging        | |  1.7
Stealth        | |  1.7
Spellcasting   | |  2.0
Transmutations | |  0.8

Action                   || total
-------------------------++-------
Melee: Unarmed           ||     8
 Cast: Sandblast         ||    68
  Use: Potion            ||     1
Armor: Robe              ||    15
Dodge: Dodged            ||    43

Table legend: (Time is in decaauts)
 A = Elapsed time spent in this place.
 B = Non-inter-level travel time spent in this place.
 C = Inter-level travel time spent in this place.
 D = Time resting spent in this place.
 E = Time spent auto-exploring this place.
 F = Levels seen in this place.
 G = Mean time per level.
                   A        B        C        D        E       F      G
               +--------+--------+--------+--------+--------+-----+--------+
         Total |   2621 |   2519 |    102 |    300 |   1986 |   3 |  873.7 |
       Dungeon |   2621 |   2519 |    102 |    300 |   1986 |   3 |  873.7 |
               +--------+--------+--------+--------+--------+-----+--------+

Top non-repeatable levels by time:
     D:2: 1265 daAuts
     D:1: 1203 daAuts
     D:3: 153 daAuts
